 Dungeon Crawl Stone Soup version 0.16.0 (webtiles) character file.

207176 Sixotanaka the Imperceptible (level 18, -2/86 HPs)
             Began as a Spriggan Enchanter on Mar 17, 2015.
             Was the Champion of Dithmenos.
             Hit by a poisoned javelin thrown by a merfolk javelineer (23 damage)
             ... on level 5 of the Shoals on Mar 18, 2015.
             The game lasted 02:54:26 (39814 turns).

Sixotanaka the Imperceptible (Spriggan Enchanter)  Turns: 39814, Time: 02:54:26

Health: -2/86      AC: 16    Str:  6    XL:     18   Next: 9%
Magic:  12/48      EV: 32    Int: 22    God:    Dithmenos [******]
Gold:   143        SH:  9    Dex: 22    Spells: 10 memorised, 5 levels left

rFire  + . .     SeeInvis +     b - +9 rapier (elec)
rCold  + + .     Clarity  .     Q - +2 mottled dragon armour
rNeg   . . .     SustAb   .     d - +0 buckler {rC+}
rPois  +         Gourm    .     G - +3 hat of Pondering {ponderous, MR+ MP+10 Int+5}
rElec  .         Spirit   .     C - +2 cloak {rPois}
rCorr  .         Warding  .     (gloves unavailable)
rMut   .         Stasis   .     (boots unavailable)
MR     ++++.                    I - amulet of regeneration
Stlth  ++++++++++               J - ring of protection from fire
                                q - ring of protection from cold

@: wreathed by umbra, very quick, incredibly resistant to hostile enchantments,
uncannily stealthy
A: unfitting armour, see invisible, herbivore 3, speed 3, slow metabolism 2
a: Shadow Step, Shadow Form, Renounce Religion
}: 1/15 runes: serpentine


You were on level 5 of the Shoals.
You worshipped Dithmenos.
Dithmenos was exalted by your worship.
You were not hungry.

You visited 5 branches of the dungeon, and saw 37 of its levels.
You visited 1 bazaar.
You also visited: Labyrinth, Sewer and Ice Cave.

You collected 3777 gold pieces.
You spent 3634 gold pieces at shops.


Innate Abilities, Weirdness & Mutations

You are tiny and cannot use many weapons and most armour.
You have supernaturally acute eyesight.
You are a herbivore.
You cover ground extremely quickly.
You need consume almost no food.


   Skills:
 - Level 6.0 Fighting
 - Level 12.6 Short Blades
 + Level 7.5 Armour
 - Level 16.1 Dodging
 - Level 24.0 Stealth
 - Level 7.1 Shields
 - Level 11.0 Spellcasting
 - Level 12.1 Hexes
 - Level 7.1 Invocations
 - Level 15.1 Evocations


You had 5 spell levels left.
You knew the following spells:

 Your Spells              Type           Power        Failure   Level  Hunger
b - Blink                 Tloc           N/A          17%         2    None
c - Dazzling Spray        Conj/Hex       #####...     2%          3    None
d - Repel Missiles        Chrm/Air       ##....       17%         2    None
i - Mass Confusion        Hex            ######....   12%         6    ######.
o - Passwall              Trmt/Erth      ##........   34%         3    None
u - Gell's Gravitas       Hex/Tloc       #####.....   24%         5    ####...
v - Orb of Destruction    Conj           ##........   100%        7    #######
x - Confuse               Hex            ######..     1%          3    None
y - Corona                Hex            ######.      1%          1    None
z - Ensorcelled Hibernat  Hex/Ice        #####.       1%          2    None


Dungeon Overview and Level Annotations

Branches:
Dungeon (15/15)            Temple (0/1) D:7            Lair (8/8) D:10
 Shoals (5/5) Lair:4        Snake (5/5) Lair:5        Slime (0/6) Lair:6
    Orc (4/4) D:11            Elf (0/3) Orc:3        Vaults (0/5) D:14
 Depths (0/5) D:15

Altars:
Cheibriados
Dithmenos
Fedhas
Gozag
Makhleb
Nemelex Xobeh
Qazlal
Ru
Sif Muna
Trog
Xom
Yredelemnul
Zin
The Shining One

Shops:
D:10 [   D:12 *   D:13 ?(%(   Orc:4 %*:[

Portals:
Pandemonium: Orc:4

Annotations:
D:7 exclusion: 2 centaurs
Lair:4 exclusion: electric eel
Lair:6 exclusion: 4 oklob plants
Shoals:5 Frances
Snake:1 exclusion: Roxanne, Roxanne
Snake:5 Vashnia

Inventory:

Hand weapons
 b - a +9 rapier of electrocution (weapon)
   (You took it off Duvessa on level 7 of the Dungeon)
 w - a cursed +0 blowgun
Missiles
 l - 6 throwing nets (quivered)
 x - 10 curare-tipped needles
 V - 4 needles of confusion
Armour
 a - the +1 robe of Valiance {rElec Str+4 Slay+3}
   (You bought it in a shop in a bazaar)

   It affects your strength (+4).
   It affects your accuracy and damage with ranged weapons and melee attacks
   (+3).
   It insulates you from electricity.
 c - a +2 cloak of invisibility
   (You bought it in a shop on level 10 of the Dungeon)
 d - a +0 buckler of cold resistance (worn)
   (You acquired it on level 5 of the Shoals)
 C - a +2 cloak of poison resistance (worn)
   (You bought it in a shop on level 4 of the Orcish Mines)
 D - the +5 troll leather armour "Lusuv" {rF- Regen+ MP+9 Int+3 Slay+2 Stlth+}
   (You bought it in a shop in a bazaar)

   It affects your intelligence (+3).
   It affects your accuracy and damage with ranged weapons and melee attacks
   (+2).
   It makes you vulnerable to fire.
   It affects your magic capacity (+9).
   It increases your rate of regeneration.
   It makes you more stealthy.
 G - the +3 hat of Pondering (worn) {ponderous, MR+ MP+10 Int+5}
   (You took it off Gastronok on level 2 of the Orcish Mines)

   It affects your intelligence (+5).
   It affects your resistance to hostile enchantments.
   It affects your magic capacity (+10).
 Q - a +2 mottled dragon armour (worn)
Rods
 P - a +1 rod of inaccuracy (13/13) {!a}
   (You found it on level 13 of the Dungeon)
 S - a +0 rod of clouds (13/13) {!a}
   (You found it on level 3 of the Lair of Beasts)
Jewellery
 n - an uncursed ring of poison resistance
 q - a ring of protection from cold (left hand)
 I - an amulet of regeneration (around neck)
 J - a ring of protection from fire (right hand)
Magical devices
 v - a wand of invisibility (8)
 K - a wand of digging (12)
 U - a wand of teleportation (4) {@v4}
Scrolls
 f - 13 scrolls of teleportation {@r4}
 i - 18 scrolls of remove curse {@r2}
 p - 4 scrolls of blinking
 t - 8 scrolls of fear
 y - 10 scrolls of fog
 A - a scroll of silence
 B - 3 scrolls of magic mapping
 F - 8 scrolls of recharging
 L - a scroll of brand weapon
 R - a scroll of summoning
 Y - 3 scrolls of identify {@r1}
Potions
 e - 5 potions of restore abilities
 g - 3 potions of cancellation
 h - 4 potions of might
 j - 9 potions of haste {@q3}
 k - 16 potions of curing {@q1}
 o - 2 potions of agility
 r - 11 potions of heal wounds {@q2}
 s - 8 potions of brilliance
 u - 2 potions of resistance
 z - 3 potions of magic
 N - a potion of ambrosia {!q}
 O - 3 potions of flight
 X - 7 potions of invisibility
Miscellaneous
 E - a stone of tremors
Comestibles
 m - 32 fruits
 W - 8 bread rations

*≈≈≈≈≈≈≈≈≈≈≈≈≈≈≈≈≈≈≈≈≈≈≈≈≈≈≈≈≈≈≈
*≈≈≈≈≈≈≈≈≈≈≈≈≈≈.....≈≈≈≈≈≈≈≈≈≈≈≈
*≈≈≈≈≈≈≈≈≈≈≈,,*##...≈≈≈≈≈##(##≈≈
*≈≈≈≈≈≈≈≈≈≈,,** #..≈≈≈≈≈##≈≈)##≈
*≈≈≈≈≈≈≈≈≈≈,** #.≈≈≈≈≈≈#≈≈≈≈≈#≈
*≈≈≈≈≈≈≈≈≈,** ##.≈≈≈≈≈≈#≈≈|≈≈#≈
*≈≈≈≈≈≈≈≈.,* ##.(≈≈≈≈≈≈#≈≈≈≈≈#,
*≈≈≈≈≈≈≈≈.#####..≈≈≈≈≈≈≈##...##,
*≈≈≈≈≈≈≈≈......@≈≈≈≈≈≈≈≈≈#####,,
*≈≈≈≈≈≈≈.(......(≈≈≈≈≈≈≈≈≈≈≈,,,,
*≈≈≈≈≈≈≈.......().≈≈≈≈≈≈≈≈≈≈,,,,
*≈≈≈≈≈≈.....§§.#####≈≈≈≈≈≈≈,,,**
*≈≈≈≈≈≈..(..§m##,,,##≈≈≈≈≈≈,,**,
*≈≈≈≈≈≈≈...mm§#,,,,,#≈≈.≈≈≈,,*,,
*≈≈≈≈≈≈≈...§§§§.mφ..#...,≈≈≈,*,,
*≈≈≈≈≈≈≈......#m....#≈.,≈≈≈≈≈*,,
*≈≈≈≈≈≈≈......##...##≈≈≈≈≈≈≈≈**,


You could see 3 merfolk javelineers.


Message History

You block the merfolk javelineer's attack.
You miss the sea snake. The sea snake closely misses you.
The merfolk javelineer misses you.
You puncture the sea snake!
There is a sudden explosion of sparks!
The merfolk javelineer hits you from afar with a spear of freezing.
You emit a cloud of dark smoke.
The sea snake bites you.
You are poisoned.
The sea snake poisons you!
You miss the sea snake.
You feel sick.
The merfolk javelineer hits you from afar with a spear of piercing!
* * * LOW HITPOINT WARNING * * *
* * * LOW HITPOINT WARNING * * *
The merfolk javelineer hits you from afar with a spear of freezing!
* * * LOW HITPOINT WARNING * * *
The merfolk javelineer freezes you.
* * * LOW HITPOINT WARNING * * *
* * * LOW HITPOINT WARNING * * *
You feel very sick.
Drink which item? (? for menu, Esc to quit)
You feel better. The sea snake closely misses you.
You block the merfolk javelineer's attack.
You barely miss the sea snake. The sea snake closely misses you.
The spray of energy hits the sea snake.
You block the sea snake's attack.
The merfolk javelineer completely misses you.
The sea snake closely misses you.
You miss the sea snake. You hit the sea snake.
There is a sudden explosion of sparks!
You block the merfolk javelineer's attack.
The sea snake misses you.
You barely miss the sea snake. The sea snake misses you.
You block the merfolk javelineer's attack.
You see here a harpy corpse.
Unknown command.
Unknown command.
The spray of energy hits the sea snake.
You kill the sea snake!
Dithmenos accepts your kill.
The spray of energy misses the merfolk javelineer.
The merfolk javelineer throws a javelin.
The javelin misses you.
The merfolk javelineer throws a steel javelin.
You block the steel javelin.
The spray of energy hits the merfolk javelineer. x2
The merfolk javelineer is dazzled.
The spray of energy hits the merfolk javelineer.
The merfolk javelineer hits you from afar with a spear of freezing!
* * * LOW HITPOINT WARNING * * *
The merfolk javelineer freezes you.
* * * LOW HITPOINT WARNING * * *
The merfolk javelineer throws a steel javelin.
You block the steel javelin.
The merfolk javelineer throws a poisoned javelin.
The poisoned javelin barely misses you.
You hear a splash.
You see here a harpy corpse.
The spray of energy hits the merfolk javelineer.
The merfolk javelineer is dazzled.
The spray of energy hits the merfolk javelineer.
The merfolk javelineer is dazzled.
Your shadow mimicks your spell!
The shadow shard misses the merfolk javelineer.
The merfolk javelineer throws a steel javelin.
The steel javelin completely misses you.
The merfolk javelineer throws a javelin.
You block the javelin.
The merfolk javelineer throws a steel javelin.
The steel javelin hits the merfolk javelineer!!
The merfolk javelineer throws a poisoned javelin.
The poisoned javelin hits you!!
You die...

Action                   |  1- 3 |  4- 6 |  7- 9 | 10-12 | 13-15 | 16-18 || total
-------------------------+-------+-------+-------+-------+-------+-------++-------
Melee: Dagger            |    66 |   118 |   368 |   637 |   386 |       ||  1575
       Unarmed           |       |       |       |    20 |       |       ||    20
       Rapier            |       |       |       |       |   885 |   670 ||  1555
Throw: Throwing net      |       |       |     1 |       |       |       ||     1
 Cast: Ensorcelled Hiber |     9 |    33 |    88 |    71 |   230 |    50 ||   481
       Confuse           |     6 |     2 |     8 |    26 |    36 |    11 ||    89
       Dazzling Spray    |       |       |       |   122 |    86 |   113 ||   321
       Repel Missiles    |       |       |       |       |     2 |     4 ||     6
Evoke: Wand              |       |       |       |     1 |       |       ||     1
  Use: Scroll            |       |     7 |    13 |    10 |    23 |    13 ||    66
       Potion            |       |       |       |       |     1 |     1 ||     2
 Stab: Sleeping          |    13 |    32 |    79 |   119 |   246 |   110 ||   599
       Distracted        |       |     1 |     4 |     5 |    18 |    13 ||    41
       Confused          |       |       |     4 |    13 |    11 |       ||    28
       Invisible         |       |       |       |    36 |    21 |    32 ||    89
  Eat: Bread ration      |       |     1 |     2 |     6 |     3 |     1 ||    13
       Fruit             |       |       |       |     3 |       |       ||     3
       Pizza             |       |       |       |     1 |       |     1 ||     2
       Royal jelly       |       |       |       |       |     2 |     1 ||     3

Vault maps used:
D:1:      minmay_arrival_cross, xom_teletrap_fun
D:2:      kennysheep_big_flooded_room, first_bread,
          minmay_misc_feat_four_crosses
D:3:      kennysheep_generic_room_10, uniq_robin
D:4:      kennysheep_mini_moat, minmay_mini_ossuary
D:5:      grunt_temple_overflow_open, item_on_display_b
D:6:      nicolae_ru_great_annihilating_truth, nicolae_ossuary_entry_monument,
          gup_sewer_entry_spiral, fedhas_altar_1
D:7:      nicolae_whirlpool, lemuel_doored_altar,
          lemuel_mausoleum_altar_yredelemnul, grunt_dithmenos_smoke,
          minmay_temple_entry_hall, eino_small_chamber_without_monster,
          uniq_duvessa
D:9:      grunt_temple_overflow_forces_of_nature, lemuel_crystal_altar,
          the_bakery
D:10:     due_lair_maze_entry_diamond, basic_altar, serial_shops,
          nicolae_shop_crystal, hex_large
D:11:     hiddenorc1_lemuel
D:12:     serial_shops, shop, serial_undead, serial_undead_a, serial_undead_e,
          serial_undead_f, serial_undead_f, uniq_erolcha
D:13:     serial_shops, shop, shop, shop, kennysheep_mini
D:14:     david_vaults_1, hangedman_abyss_or_decor_stagger
D:15:     grunt_enter_depths_snipers, basic_altar, uniq_sonja
Lair:1:   lightli_volcano_entry_magma_tube, portal_ice_cave_entry_ice_beasts,
          grunt_megastairs_3
Lair:2:   lab_entry_generic, fungi_pond_lemuel, grunt_megastairs_4
Lair:3:   lemuel_fruit_tree
Lair:4:   minmay_shoals_entry_hut, grunt_forest_stairs_clearing,
          infiniplex_staircase_pool, serial_bayou_shore_a
Lair:5:   dummy_snake_entry
Lair:6:   minmay_slime_entry_oklob_open, wad_woods_03, uniq_snorg
Lair:7:   pond_and_an_island_with_a_cottage, st_stairs_8,
          kennysheep_basilisk_garden
Lair:8:   grunt_lair_end_beastmaster, special_room,
          eino_small_chamber_without_monster, bh_autumn_forest_stairs
Shoals:1: uniq_rupert
Shoals:2: st_sunken_huts
Shoals:5: serial_shops, bzr_entry_gold, shoals_end_simple,
          shoals_ilsuiw_alternative, uniq_kirke, uniq_frances, uniq_jorgrun
Snake:1:  uniq_donald, uniq_roxanne
Snake:2:  serial_shops, nicolae_shop_behind_doors, spider_trap,
          serial_bayou_pond_a
Snake:5:  minmay_snake_end_coiled, nicolae_coiled_stairwell_up, uniq_vashnia
Orc:2:    uniq_eustachio, uniq_gastronok, uniq_psyche, uniq_fannar
Orc:3:    minmay_goldmine, nicolae_orc_pool_cavern, uniq_maurice
Orc:4:    pf_orc_diabolical
Lab:      labyrinth_mini_lab, nicolae_lab_flowing_pool,
          nicolae_lab_very_dead_end, nicolae_lab_plus
Bazaar:   grunt_bazaar_doublecross
Sewer:    sewer_minmay_w
IceCv:    ice_cave_small_necro

Notes
Turn   | Place    | Note
--------------------------------------------------------------
     0 | D:1      | Sixotanaka, the Spriggan Enchanter, began the quest for the Orb.
     0 | D:1      | Reached XP level 1. HP: 9/9 MP: 4/4
    65 | D:1      | Found a shimmering altar of Xom.
   760 | D:1      | Fiveotanaka: wut
   760 | D:1      | Sixotanaka: most
   760 | D:1      | Sixotanaka: bullshit
   760 | D:1      | Sixotanaka: thing ever
   760 | D:1      | Sixotanaka: i got shafted
   760 | D:1      | Sixotanaka: into melee range of a spore
   760 | D:1      | Sixotanaka: and there was a cyclops
   760 | D:1      | Sixotanaka: JUST out of confuse range
   760 | D:1      | Sixotanaka: so i fell down
   760 | D:1      | Sixotanaka: read tp
   760 | D:1      | Sixotanaka: and just died
   760 | D:1      | Sixotanaka: it was the hippgriph which killed me tho
   760 | D:1      | Fiveotanaka: you seem to get sharted a lot more than normal :P
   760 | D:1      | Sixotanaka: super bad luck streak
   760 | D:1      | Fiveotanaka: shafted*
   781 | D:1      | Reached XP level 2. HP: 13/13 MP: 7/7
   787 | D:1      | Learned a level 2 spell: Ensorcelled Hibernation
   811 | D:1      | Sixotanaka: same thing
  1180 | D:1      | Reached skill level 2 in Short Blades
  1285 | D:1      | Reached skill level 5 in Stealth
  1386 | D:2      | Sixotanaka: pretty much needed to have that happen
  1386 | D:2      | Sixotanaka: to kill that char
  1392 | D:2      | Fiveotanaka: well my ogre died
  1415 | D:2      | Fiveotanaka: that was at least 50 enemies
  1417 | D:2      | Fiveotanaka: all while berserked
  1496 | D:3      | Fiveotanaka: including quicksilver dragons/golden dragons/liches
  1504 | D:3      | Fiveotanaka: that sucked
  1515 | D:3      | Reached XP level 3. HP: 16/16 MP: 6/9
  1525 | D:3      | Sixotanaka: lol :(
  1656 | D:3      | Fiveotanaka: couldnt do anything while berserked either
  1699 | D:3      | Fiveotanaka: so that was the gg moment
  1801 | D:3      | Noticed Robin
  1936 | D:3      | You fall through a shaft!
  1937 | D:4      | Sixotanaka: shafted
  1937 | D:4      | Sixotanaka: again
  1937 | D:4      | Sixotanaka: rofl
  1937 | D:4      | Sixotanaka: 6/10 characters
  1937 | D:4      | Sixotanaka: have been shafted
  1977 | D:4      | Fiveotanaka: at least it wasnt 3 floors
  2013 | D:4      | Sixotanaka: 3 floors into certain death
  2013 | D:4      | Sixotanaka: like the last 5
  2086 | D:4      | Noticed a phantom
  2114 | D:4      | Learned a level 3 spell: Confuse
  2492 | D:4      | Reached skill level 3 in Short Blades
  2492 | D:4      | Reached skill level 6 in Stealth
  2492 | D:4      | Reached XP level 4. HP: 6/21 MP: 6/12
  2650 | D:4      | Noticed a scorpion
  2664 | D:4      | Killed a scorpion
  2803 | D:4      | Found a glowing silver altar of Zin.
  3005 | D:3      | Killed Robin
  3005 | D:3      | Reached skill level 7 in Stealth
  3005 | D:3      | Reached XP level 5. HP: 20/24 MP: 7/14
  3423 | D:4      | Reached skill level 4 in Short Blades
  3581 | D:4      | Noticed an ogre
  3596 | D:4      | Killed an ogre
  3596 | D:4      | Reached skill level 8 in Stealth
  3621 | D:5      | Entered Level 5 of the Dungeon
  3683 | D:5      | Found an opulent altar of Gozag.
  3812 | D:5      | Reached XP level 6. HP: 25/28 MP: 17/17
  4083 | D:5      | Reached skill level 5 in Short Blades
  4238 | D:5      | Found a snail-covered altar of Cheibriados.
  4351 | D:5      | Found a burning altar of Makhleb.
  4402 | D:5      | Reached skill level 9 in Stealth
  4931 | D:6      | Found a blossoming altar of Fedhas.
  4990 | D:6      | Found a glowing drain.
  4994 | Sewer    | Entered a sewer
  5013 | Sewer    | Reached XP level 7. HP: 32/32 MP: 19/19
  5345 | Sewer    | HP: 6/32 [river rat (9)]
  5658 | Sewer    | Reached skill level 6 in Short Blades
  5747 | Sewer    | Reached skill level 10 in Stealth
  6192 | D:6      | Found a sacrificial altar of Ru.
  6373 | D:6      | Reached skill level 7 in Short Blades
  6461 | D:6      | Reached skill level 11 in Stealth
  6461 | D:6      | Reached XP level 8. HP: 30/36 MP: 13/20
  6965 | D:7      | Found a shadowy altar of Dithmenos.
  6969 | D:7      | Became a worshipper of Dithmenos the Shadowed
  7455 | D:7      | Found a staircase to the Ecumenical Temple.
  7505 | D:7      | Noticed Duvessa
  7505 | D:7      | Noticed Dowan
  7704 | D:8      | Noticed Kramin's ghost (experienced TrCK)
  7704 | D:8      | Reached skill level 8 in Short Blades
  7734 | D:8      | Reached skill level 12 in Stealth
  7734 | D:8      | Reached skill level 4 in Hexes
  8196 | D:8      | Reached skill level 5 in Hexes
  8244 | D:7      | Reached skill level 13 in Stealth
  8262 | D:7      | Found a bloodstained altar of Trog.
  8487 | D:7      | Reached XP level 9. HP: 39/39 MP: 22/22
  8495 | D:7      | Reached skill level 6 in Hexes
  8513 | D:7      | Found a basalt altar of Yredelemnul.
  8723 | D:7      | Reached skill level 7 in Hexes
  8861 | D:9      | Reached skill level 14 in Stealth
  8938 | D:9      | Noticed KingBobson's ghost (experienced GrBe)
  9061 | D:10     | Entered Level 10 of the Dungeon
  9081 | D:10     | Reached skill level 8 in Hexes
  9084 | D:10     | Found a deep blue altar of Sif Muna.
  9089 | D:10     | Learned a level 3 spell: Dazzling Spray
  9162 | D:10     | Acquired Dithmenos' first power
  9253 | D:10     | Reached skill level 15 in Stealth
  9256 | D:10     | HP: 4/39 [yak (15)]
  9464 | D:10     | Reached skill level 16 in Stealth
  9528 | D:10     | Found a staircase to the Lair.
  9550 | D:10     | Found Entat's Armour Emporium.
  9563 | D:10     | Bought a +2 cloak of invisibility for 236 gold pieces
  9739 | D:10     | Reached XP level 10. HP: 44/44 MP: 9/23
  9916 | Lair:1   | Entered Level 1 of the Lair of Beasts
 10037 | Lair:1   | Reached skill level 17 in Stealth
 10223 | Lair:1   | Found a frozen archway.
 10252 | Lair:1   | Acquired Dithmenos' second power
 10273 | Lair:1   | Reached skill level 18 in Stealth
 10363 | IceCv    | Entered an ice cave
 10459 | IceCv    | Reached skill level 19 in Stealth
 10665 | IceCv    | Reached skill level 1 in Evocations
 10769 | IceCv    | Reached skill level 2 in Evocations
 10896 | IceCv    | Reached skill level 3 in Evocations
 10898 | IceCv    | Reached XP level 11. HP: 47/47 MP: 24/24
 10912 | IceCv    | Reached skill level 4 in Evocations
 10948 | IceCv    | Found an ancient bone altar of Kikubaaqudgha.
 10951 | IceCv    | Reached skill level 20 in Stealth
 10951 | IceCv    | Reached skill level 5 in Evocations
 11255 | IceCv    | Acquired Dithmenos' third power
 11257 | IceCv    | Reached skill level 6 in Evocations
 11459 | IceCv    | Noticed an ice statue
 11461 | IceCv    | Fiveotanaka: alrighty, time to take a hike
 11464 | IceCv    | Fiveotanaka: gl
 11464 | IceCv    | Sixotanaka: hf
 11820 | Lair:1   | Reached skill level 7 in Evocations
 12235 | Lair:2   | Found a labyrinth entrance.
 12246 | Lab      | Entered a labyrinth
 12473 | Lab      | Noticed a minotaur
 12485 | Lab      | Killed a minotaur
 12541 | Lair:2   | Reached skill level 8 in Evocations
 13007 | Lair:2   | Reached skill level 21 in Stealth
 13007 | Lair:2   | Reached skill level 9 in Evocations
 13945 | Lair:2   | Reached skill level 9 in Short Blades
 14627 | Lair:3   | Got an ancient hat
 14637 | Lair:3   | Reached XP level 12. HP: 51/51 MP: 19/29
 14648 | Lair:3   | Identified the +5 hat of the Ten Seas {rElec rPois rF- MR+} (You found it on level 3 of the Lair of Beasts)
 14746 | Lair:3   | Acquired Dithmenos' fourth power
 14996 | Lair:3   | Identified a +0 rod of clouds (13/13) (You found it on level 3 of the Lair of Beasts)
 15577 | Lair:3   | Reached skill level 22 in Stealth
 15959 | Lair:4   | HP: 7/51 [yak (14)]
 16132 | Lair:4   | Reached skill level 10 in Short Blades
 16436 | Lair:4   | Found a staircase to the Shoals.
 16729 | Lair:4   | Reached skill level 1 in Invocations
 17259 | Lair:5   | Reached skill level 2 in Invocations
 17269 | Lair:5   | Reached skill level 4 in Dodging
 17309 | Lair:5   | Reached skill level 5 in Dodging
 17311 | Lair:5   | Reached skill level 3 in Invocations
 17318 | Lair:5   | Got a scorched granite ring
 17320 | Lair:5   | Identified the ring "Ibio" {+Blink +Inv rF- rC+ Stlth+} (You found it on level 5 of the Lair of Beasts)
 17385 | Lair:5   | Reached skill level 6 in Dodging
 17448 | Lair:5   | Noticed a six-headed hydra
 17458 | Lair:5   | Killed a six-headed hydra
 17458 | Lair:5   | Reached skill level 23 in Stealth
 17473 | Lair:5   | Reached skill level 7 in Dodging
 17781 | Lair:5   | Found a staircase to the Snake Pit.
 17846 | Lair:5   | Reached XP level 13. HP: 55/55 MP: 29/29
 18087 | Lair:6   | Reached skill level 4 in Invocations
 18145 | Lair:6   | Reached skill level 8 in Dodging
 18188 | Lair:6   | Noticed Snorg
 18194 | Lair:6   | Killed Snorg
 18531 | Lair:6   | Found a staircase to the Slime Pits.
 19041 | Lair:7   | Reached skill level 9 in Dodging
 19303 | Lair:7   | Identified the Compendium of Slavery and Poisoning
 19455 | Lair:7   | Reached skill level 5 in Invocations
 19459 | Lair:7   | Reached skill level 10 in Dodging
 19788 | Lair:8   | Entered Level 8 of the Lair of Beasts
 20114 | Lair:8   | Reached skill level 6 in Invocations
 20347 | Lair:8   | Reached skill level 24 in Stealth
 20347 | Lair:8   | Reached skill level 7 in Invocations
 20379 | Lair:8   | HP: 10/55 [fire crab] (14)]
 20654 | Lair:7   | Reached skill level 3 in Spellcasting
 20801 | Lair:8   | Reached skill level 1 in Fighting
 20846 | Lair:8   | Reached skill level 4 in Spellcasting
 21003 | Lair:8   | Reached skill level 2 in Fighting
 21168 | Lair:8   | Reached skill level 5 in Spellcasting
 21371 | Lair:8   | Reached skill level 3 in Fighting
 21371 | Lair:8   | Reached XP level 14. HP: 63/65 MP: 10/31
 21625 | Lair:8   | Reached skill level 6 in Spellcasting
 21936 | Lair:8   | Reached skill level 4 in Fighting
 22242 | Lair:8   | Reached skill level 7 in Spellcasting
 22819 | Lair:8   | Reached skill level 5 in Fighting
 22821 | Lair:8   | Reached skill level 8 in Spellcasting
 23380 | D:9      | Found a blossoming altar of Fedhas.
 23407 | D:9      | Found a sparkling altar of Nemelex Xobeh.
 23447 | D:9      | Found a stormy altar of Qazlal.
 23887 | D:9      | Killed KingBobson's ghost
 24079 | D:8      | Killed Kramin's ghost
 24079 | D:8      | Reached skill level 9 in Spellcasting
 24343 | D:7      | Killed Dowan
 24362 | D:7      | Killed Duvessa
 24807 | D:11     | Reached skill level 6 in Fighting
 24976 | D:11     | Learned a level 2 spell: Blink
 24979 | D:11     | Learned a level 2 spell: Repel Missiles
 24985 | D:11     | Learned a level 5 spell: Gell's Gravitas
 24992 | D:11     | Learned a level 6 spell: Mass Confusion
 25343 | D:11     | Found a staircase to the Orcish Mines.
 25622 | Orc:1    | Entered Level 1 of the Orcish Mines
 25727 | Orc:2    | Noticed Psyche
 25798 | Orc:2    | Killed Psyche
 25906 | Orc:1    | Reached skill level 11 in Short Blades
 26205 | Orc:2    | Noticed Gastronok
 26212 | Orc:2    | Killed Gastronok
 26212 | Orc:2    | Reached skill level 10 in Spellcasting
 26220 | Orc:2    | Noticed Fannar
 26277 | Orc:2    | Killed Fannar
 26430 | Orc:4    | Entered Level 4 of the Orcish Mines
 26968 | Orc:4    | Found Xialoebri's Food Emporium.
 26969 | Orc:4    | Found Urchatat's General Store.
 27048 | Orc:4    | HP: 12/70 [sixfirhy (7)]
 27171 | Orc:4    | Bought 2 potions of curing for 84 gold pieces
 27171 | Orc:4    | Bought a scroll of fog for 28 gold pieces
 27378 | Orc:4    | Reached skill level 11 in Spellcasting
 27381 | Orc:4    | Reached skill level 12 in Short Blades
 27392 | Orc:4    | Reached XP level 15. HP: 57/73 MP: 17/36
 27633 | Orc:4    | Found Gipog's Book Shop.
 27633 | Orc:4    | Found Pluwk's Antique Armour Boutique.
 27634 | Orc:4    | Found a one-way gate leading to the halls of Pandemonium.
 27644 | Orc:4    | Reached skill level 9 in Hexes
 27649 | Orc:4    | HP: 14/73 [gelid demonspawn/glaive (8)]
 27666 | Orc:4    | Bought a glowing cloak for 153 gold pieces
 28363 | Orc:3    | Found a staircase to the Elven Halls.
 28471 | Orc:3    | Noticed Maurice
 28480 | Orc:3    | Killed Maurice
 29148 | Orc:2    | Noticed Eustachio
 29156 | Orc:2    | Killed Eustachio
 29642 | D:12     | Noticed Erolcha
 29657 | D:12     | Killed Erolcha
 29777 | D:12     | Found Fruoxuxi's General Store.
 29782 | D:12     | Bought a beef jerky for 22 gold pieces
 29782 | D:12     | Bought a potion of poison for 15 gold pieces
 29782 | D:12     | Bought a scroll of identify for 30 gold pieces
 30163 | D:13     | Learned a level 7 spell: Orb of Destruction
 30176 | D:13     | Found Eskuluen's Magic Scroll Boutique.
 30180 | D:13     | Bought a scroll of teleportation for 57 gold pieces
 30180 | D:13     | Bought a scroll of teleportation for 57 gold pieces
 30180 | D:13     | Bought a scroll of teleportation for 57 gold pieces
 30196 | D:13     | Identified a +1 rod of inaccuracy (13/13) (You found it on level 13 of the Dungeon)
 30215 | D:13     | Reached skill level 10 in Hexes
 30275 | D:13     | Found Uphiwk's Weapon Emporium.
 30348 | D:13     | Found Qaemasig's Food Shoppe.
 30467 | D:13     | Bought a scroll of enchant armour for 142 gold pieces
 30467 | D:13     | Bought a scroll of enchant armour for 142 gold pieces
 30524 | D:13     | Found Lihyuxtu's Weapon Boutique.
 30527 | D:13     | Bought a throwing net for 42 gold pieces
 30928 | D:14     | Reached skill level 11 in Dodging
 31203 | D:14     | Reached skill level 10 in Evocations
 31357 | D:14     | Reached skill level 12 in Dodging
 31403 | D:14     | Found a gate to the Vaults.
 31573 | D:15     | Entered Level 15 of the Dungeon
 31617 | D:15     | Noticed Sonja
 31626 | D:15     | Killed Sonja
 31693 | D:15     | Reached skill level 11 in Evocations
 31729 | D:15     | Found a glowing golden altar of the Shining One.
 31922 | D:15     | Reached skill level 13 in Dodging
 32069 | D:15     | Reached skill level 12 in Evocations
 32403 | D:15     | Found a staircase to the Depths.
 32422 | D:15     | Reached XP level 16. HP: 77/77 MP: 37/37
 32511 | D:13     | Fiveotanaka: yay, i take it no more bad luck :P
 32760 | Lair:3   | Sixotanaka: lol
 32760 | Lair:3   | Sixotanaka: nah haven't bene playing that much
 32760 | Lair:3   | Sixotanaka: about ot head home tho
 32760 | Lair:3   | Fiveotanaka: right
 32760 | Lair:3   | Fiveotanaka: i just got home
 32760 | Lair:3   | Sixotanaka: G
 32811 | Snake:1  | Entered Level 1 of the Snake Pit
 32812 | Snake:1  | Fiveotanaka: ended up walking for 3 hours (not including a lunch break in between)
 32812 | Snake:1  | Sixotanaka: how was the hike?
 32812 | Snake:1  | Sixotanaka: o nice
 32812 | Snake:1  | Sixotanaka: where'd you walk to?
 32860 | Snake:1  | Reached skill level 14 in Dodging
 32875 | Snake:1  | Fiveotanaka: went down lygon st
 32885 | Snake:1  | Reached skill level 13 in Evocations
 32970 | Snake:1  | Fiveotanaka: then elizabeth st
 33004 | Snake:1  | Fiveotanaka: down to south melbourne market
 33005 | Snake:1  | Fiveotanaka: had lunch there
 33005 | Snake:1  | Sixotanaka: should have come to the world trad ebuilding
 33034 | Snake:1  | Noticed Roxanne
 33195 | Snake:1  | Fiveotanaka: i went past there on the way back on the tram
 33209 | Snake:1  | Sixotanaka: i have been here
 33209 | Snake:1  | Sixotanaka: since like 1:2
 33209 | Snake:1  | Sixotanaka: 1:20
 33209 | Snake:1  | Fiveotanaka: i kept walking to the beach
 33214 | Snake:1  | Fiveotanaka: then went to st kilda
 33234 | Snake:1  | HP: 15/77 [salamander/trident (7)]
 33247 | Snake:1  | Fiveotanaka: got to the start of the 96 line at the end of acland st and I was satisfied
 33261 | Snake:1  | Fiveotanaka: i stopped walking at around 3 heh
 33273 | Snake:1  | Sixotanaka: lel
 33371 | Snake:1  | Sixotanaka: next time you're near send me a text
 33371 | Snake:1  | Sixotanaka: and we'll go for lunch
 33551 | Snake:1  | Fiveotanaka: i come back and I have an injury to my best player on a websimhockey team
 33553 | Snake:2  | Fiveotanaka: gotcha
 33553 | Snake:2  | Fiveotanaka: youre only there mon-wed?
 33553 | Snake:2  | Sixotanaka: yeah
 33603 | Snake:2  | Fiveotanaka: right
 33633 | Snake:2  | Reached skill level 14 in Evocations
 33648 | Snake:2  | Fiveotanaka: if nothing happens jobwise ill probably go walking early next week weather depending
 33648 | Snake:2  | Sixotanaka: we normally have lunch break around 12-1
 33648 | Snake:2  | Sixotanaka: but I can take off any time atm
 33648 | Snake:2  | Sixotanaka: they're cool with that
 33671 | Snake:2  | Reached skill level 15 in Dodging
 33687 | Snake:2  | Fiveotanaka: im normally in the city around 12 or so
 33765 | Snake:2  | Fiveotanaka: if i walk
 33907 | Snake:2  | Sixotanaka: ah yeah
 33907 | Snake:2  | Sixotanaka: pretty solid walks
 33907 | Snake:2  | Sixotanaka: I normally just run these days
 34041 | Snake:2  | Found Goad's Distillery.
 34042 | Snake:2  | Fiveotanaka: i find walking to be more leisurely
 34117 | Snake:2  | Sixotanaka: well yeah I do too :P
 34118 | Snake:2  | Fiveotanaka: and i dont need to wear sports stuff
 34210 | Snake:2  | Sixotanaka: all you need is runners :P
 34302 | Snake:2  | Fiveotanaka: i probably would have spent more time checking south melbourne out but anxiety struck
 34341 | Snake:2  | Fiveotanaka: thats why i just chose a place at sth melb market and ate lol
 34341 | Snake:2  | Sixotanaka: :(
 34341 | Snake:2  | Sixotanaka: lol
 34341 | Snake:2  | Sixotanaka: anxiety about what?
 34406 | Snake:3  | Fiveotanaka: if im trying to get to a place I have trouble just stopping and checking things out
 34416 | Snake:3  | Sixotanaka: lol ya
 34416 | Snake:3  | Sixotanaka: me 2
 34481 | Snake:3  | Fiveotanaka: general anxiety
 34572 | Snake:3  | Reached skill level 16 in Dodging
 34578 | Snake:3  | Fiveotanaka: i had too much choice in terms of places to eat
 34578 | Snake:3  | Reached skill level 15 in Evocations
 34740 | Snake:3  | Fiveotanaka: at sth melb market
 35181 | Snake:4  | Fiveotanaka: at the beach near the end of the sth melb tram line they have a mini-gym with instructions on how to do about 4 exercises
 35185 | Snake:4  | Fiveotanaka: as well as the melb bike rack
 35185 | Snake:4  | Sixotanaka: o cool
 35230 | Snake:4  | Fiveotanaka: if they had a helmet lying around there i probably would have used one to ride around
 35430 | Snake:4  | Reached skill level 1 in Shields
 35430 | Snake:4  | Reached skill level 11 in Hexes
 35465 | Snake:4  | Sixotanaka: right I'm gonna head home
 35465 | Snake:4  | Sixotanaka: I'll see u later
 35555 | Snake:4  | Learned a level 3 spell: Passwall
 35924 | Snake:5  | Entered Level 5 of the Snake Pit
 35947 | Snake:5  | Reached skill level 2 in Shields
 36250 | Snake:5  | Reached skill level 3 in Shields
 36339 | Snake:5  | Reached XP level 17. HP: 65/81 MP: 24/38
 36341 | Snake:5  | Reached skill level 12 in Hexes
 36500 | Snake:5  | Noticed Vashnia
 36563 | Snake:5  | Reached skill level 4 in Shields
 36648 | Snake:5  | Fiveotanaka: watching you while i finish eating
 36994 | Snake:5  | Reached skill level 5 in Shields
 37284 | Snake:5  | Reached skill level 6 in Shields
 37301 | Snake:5  | Got a serpentine rune of Zot
 37652 | Snake:5  | Reached skill level 7 in Shields
 37878 | Shoals:1 | Entered Level 1 of the Shoals
 37906 | Shoals:1 | Reached skill level 1 in Armour
 37949 | Shoals:1 | Noticed Rupert
 37967 | Shoals:1 | Reached skill level 2 in Armour
 37990 | Shoals:1 | Killed Rupert
 38032 | Shoals:1 | Reached skill level 3 in Armour
 38285 | Shoals:1 | Reached skill level 4 in Armour
 38645 | Shoals:3 | Reached skill level 5 in Armour
 39133 | Shoals:4 | Reached skill level 6 in Armour
 39326 | Shoals:5 | Entered Level 5 of the Shoals
 39345 | Shoals:5 | Found a flickering gateway to a bazaar.
 39355 | Bazaar   | Entered a bazaar
 39365 | Bazaar   | Found Caich's Armour Shoppe.
 39365 | Bazaar   | Found Wiamout's Magic Scroll Shoppe.
 39407 | Bazaar   | Found Buomeaj's Distillery.
 39407 | Bazaar   | Found Wegung's Jewellery Emporium.
 39449 | Bazaar   | Bought the +1 robe of Valiance {rElec Str+4 Slay+3} for 732 gold pieces
 39463 | Bazaar   | Bought the +5 troll leather armour "Lusuv" {rF- Regen+ MP+9 Int+3 Slay+2 Stlth+} for 1035 gold pieces
 39477 | Bazaar   | Bought a scroll of acquirement for 572 gold pieces
 39477 | Bazaar   | Bought a scroll of teleportation for 33 gold pieces
 39477 | Bazaar   | Bought a scroll of blinking for 82 gold pieces
 39477 | Bazaar   | Bought a scroll of blinking for 82 gold pieces
 39477 | Bazaar   | Bought a scroll of teleportation for 33 gold pieces
 39610 | Shoals:5 | Noticed Frances
 39734 | Shoals:5 | Reached XP level 18. HP: 86/86 MP: 38/38
 39739 | Shoals:5 | Reached skill level 7 in Armour
 39800 | Shoals:5 | HP: 20/86 [merfolk javelineer/spear of freezing (9)]
 39811 | Shoals:5 | HP: 21/86 [merfolk javelineer/spear of freezing (8)]
 39814 | Shoals:5 | Hit by a poisoned javelin thrown by a merfolk javelineer

Vanquished Creatures
  Rupert (Shoals:1)
  7 greater nagas
  Gastronok (Orc:2)
  2 merfolk javelineers
  Snorg (Lair:6)
  A yaktaur captain (D:15)
  A minotaur (Lab)
  Fannar (Orc:2)
  15 naga warriors
  A catoblepas (Lair:8)
  10 hydras
  2 merfolk avatars
  9 anacondas
  4 centaur warriors (D:15)
  5 merfolk aquamancers
  A tengu warrior (D:14)
  A deep troll shaman (Lair:8)
  An ogre mage (D:15)
  14 naga sharpshooters
  A satyr (Shoals:5)
  6 death yaks
  The ghost of KingBobson the Basher, an experienced GrBe of Trog (D:9)
  6 orc high priests (Orc:4)
  The ghost of Kramin the Grappler, an experienced TrCK of Xom (D:8)
  6 shock serpents
  A sun demon (Orc:4)
  A fire crab (Lair:8)
  A wizard (D:15)
  An unseen horror (D:15)
  An ice devil (D:15)
  A gelid demonspawn (Orc:4)
  An infernal demonspawn (Orc:4)
  Erolcha (D:12)
  A salamander mystic (Snake:4)
  A torturous demonspawn (Orc:4)
  10 sea snakes
  4 ugly things
  7 naga ritualists
  5 hill giants
  24 harpies
  A wolf spider zombie (D:15)
  5 orc knights
  A lindwurm (Lair:8)
  A deep elf conjurer (D:15)
  6 mana vipers
  A wolf spider (D:14)
  6 griffons
  10 salamanders
  3 cyclopes
  A faun (Shoals:1)
  12 manticores
  5 orc sorcerers (Orc:4)
  2 necromancers
  2 sixfirhies (Orc:4)
  Maurice (Orc:3)
  2 sirens (Shoals:3)
  A gargoyle (D:14)
  14 elephants
  A kobold demonologist (D:15)
  2 drowned souls (Shoals:3)
  2 centaur zombies
  11 naga magi
  27 black mambas
  A rust devil (Orc:4)
  Psyche (Orc:2)
  11 spiny frogs
  A yaktaur (D:15)
  7 komodo dragons
  A deep elf priest (D:15)
  10 trolls
  2 hellwings (Orc:4)
  9 fire drakes
  10 freezing wraiths (IceCv)
  3 wandering mushrooms (Lair:2)
  A tengu conjurer (D:14)
  A wind drake (Shoals:5)
  Sonja (D:15)
  8 slime creatures
  3 two-headed ogres
  2 polar bears
  11 merfolk
  2 ravens (D:14)
  2 wolf spider simulacra (IceCv)
  12 blink frogs
  A baby alligator (shapeshifter) (D:15)
  11 snapping turtles
  A trapdoor spider (D:15)
  A vampire (D:15)
  6 basilisks
  A shadow (D:14)
  58 yaks
  9 wyverns
  2 spriggans
  3 deep elf magi
  9 water elementals
  13 hippogriffs
  Eustachio (Orc:2)
  4 fire bats (Lair:5)
  3 wraiths
  A steam dragon (D:15)
  6 vampire mosquitoes (D:15)
  A fire elemental (Lair:5)
  14 wolves
  2 chaos spawn (Orc:4)
  A mottled dragon (D:13)
  2 hell hounds (Lair:8)
  3 wargs
  A deep elf fighter (D:15)
  2 hungry ghosts
  58 nagas
  32 water moccasins
  7 porcupines
  4 necrophages (D:12)
  A phantom (D:12)
  32 orc warriors
  4 black bears
  16 ogres
  An eye of draining (D:10)
  2 sky beasts
  17 ice beasts
  18 centaurs
  An alligator simulacrum (IceCv)
  A wasp (D:11)
  14 crocodiles
  4 big kobolds (D:15)
  Duvessa (D:7)
  2 boring beetles
  A komodo dragon zombie (Lair:7)
  A gnoll sergeant (D:6)
  23 giant frogs
  4 scorpions
  13 wights
  An electric eel (Lair:8)
  8 crimson imps
  4 giant frog zombies
  A goliath beetle (D:8)
  Dowan (D:7)
  3 jellies
  2 quasits
  43 orc priests
  A giant frog skeleton (D:8)
  A basilisk zombie (Lair:7)
  6 human zombies (D:7)
  27 orc wizards
  2 centaur skeletons
  13 hounds
  3 iguanas
  13 worker ants
  2 draconian simulacra (IceCv)
  A human skeleton (D:7)
  2 troll simulacra (IceCv)
  13 sheep
  A wolf simulacrum (IceCv)
  An ogre zombie (D:7)
  A centaur simulacrum (IceCv)
  3 hound skeletons
  2 mummies
  Robin (D:3)
  4 ogre simulacra (IceCv)
  22 adders
  3 gnolls (D:6)
  80 river rats
  A giant mite (D:3)
  12 white imps (IceCv)
  A shadow imp (D:5)
  2 worms
  An adder zombie (D:6)
  6 giant geckos
  4 oozes
  186 orcs
  2 bat skeletons
  A bat zombie (D:6)
  5 giant cockroaches
  32 goblins
  18 hobgoblins
  8 quokkas
  17 ball pythons
  11 bats
  4 giant newts
  A giant spore (D:12)
  2 hobgoblin zombies
  14 kobolds
  2 kobold zombies (D:4)
  8 orc zombies
  34 rats
  6 ballistomycetes
  3 plants
1434 creatures vanquished.

Vanquished Creatures (others)
  A naga ritualist (Snake:5)
  A drowned soul (Shoals:3)
  An orc (Orc:2)
  A giant spore (D:10)
  13 fungi
  7 plants (Lair:8)
24 creatures vanquished.

Grand Total: 1458 creatures vanquished
